 Dungeon Crawl Stone Soup version 0.32-a0-909-gc671339a80 (webtiles) character file.

Game seed: 7211740911111832599

206 GiantSquids the Shooter (level 5, 0/38 HPs)
             Began as a Coglin Hunter on Apr 6, 2024.
             Incinerated by a bombardier beetle (1 damage)
             ... with a burning spray
             ... on level 4 of the Dungeon.
             The game lasted 00:02:42 (2120 turns).

GiantSquids the Shooter (Coglin Hunter)             Turns: 2120, Time: 00:02:42

Health: 0/38       AC:  4    Str: 12    XL:     5   Next: 84%
Magic:  5/5        EV: 11    Int:  8    God:
Gold:   195        SH:  0    Dex: 19    Spells: 4/4 levels left

rFire   + . .        a - +2 sling {Karolin}
rCold   + . .        d - +0 sling {Nindada}
rNeg    . . .        c - +0 leather armour
rPois   +            (no helmet)
rElec   +            (no cloak)
rCorr   +            (no gloves)
SInv    .            r - +0 pair of boots
Will    .....        (amulet unavailable)
Stlth   +            (ring unavailable)
HPRegen 0.26/turn    (ring unavailable)
MPRegen 0.09/turn    (no gizmo)

%: no passive effects
@: on fire, resistant, glowing, revving
A: off-hand wielding, slow wielding, warmup strikes, no jewellery
a: Invent Gizmo


You were on level 4 of the Dungeon.
You visited 1 branch of the dungeon, and saw 4 of its levels.

You collected 195 gold pieces.

Inventory:

Hand Weapons
 a - a +2 sling (weapon) {Karolin}
 d - a +0 sling (offhand) {Nindada}
Armour
 c - a +0 leather armour (worn)
 r - a +0 pair of boots (worn)
Scrolls
 b - a scroll of butterflies
 e - a scroll of enchant weapon {unknown}
 h - 2 scrolls of teleportation {unknown}
 k - a scroll of revelation {unknown}
 m - 7 scrolls of identify {unknown}
 n - a scroll of fog {unknown}
 o - 3 scrolls of amnesia {unknown}
 q - a scroll of enchant armour {unknown}
 s - a scroll of fear {unknown}
Potions
 f - a potion of resistance
 g - a potion of degeneration {unknown}
 i - a potion of heal wounds {unknown}
 j - 2 potions of lignification {unknown}
 l - 2 potions of haste {unknown}
 p - a potion of curing {unknown}
 t - a potion of brilliance {unknown}


   Skills:
 - Level 2.0 Fighting
 + Level 6.3 Ranged Weapons
 - Level 1.7 Dodging
 - Level 0.7 Stealth


You had 4 spell levels left.
You didn't know any spells.
Your spell library contained the following spells:

 Spells                   Type           Power      Damage    Failure   Level
 Blink                    Tloc           0%         N/A       63%         2
 Lesser Beckoning         Tloc           0%         N/A       63%         2
 Momentum Strike          Conj/Tloc      0%         3d8       63%         2


Dungeon Overview and Level Annotations

Branches:
Dungeon (4/15)
 Temple: D:4-7

Altars:
Elyvilon


Innate Abilities, Weirdness & Mutations

You can wield a second weapon in your off-hand.
It takes a long time for you to wield or remove held weapons.
Your first few attacks do less damage.
You cannot equip rings or amulets.


Message History

You shoot a sling bullet.
The sling bullet hits the bombardier beetle but does no damage.
The bombardier beetle is moderately wounded.
You shoot a sling bullet.
The sling bullet barely misses the bombardier beetle.
The liquid fire burns you!
You shoot a sling bullet.
The sling bullet hits the bombardier beetle.
The bombardier beetle is moderately wounded.
You shoot a sling bullet.
The sling bullet hits the bombardier beetle.
The bombardier beetle is severely wounded.
The liquid fire burns you!
The bombardier beetle barely misses you.
You shoot a sling bullet.
The sling bullet hits the bombardier beetle.
The bombardier beetle is almost dead.
You shoot a sling bullet.
The sling bullet closely misses the bombardier beetle.
The liquid fire burns you!
The bombardier beetle closely misses you.
You shoot a sling bullet.
The sling bullet hits the bombardier beetle.
You kill the bombardier beetle!
You shoot a sling bullet. The liquid fire burns you!
You are on fire!
The liquid fire burns you! The liquid fire burns you!
* * * LOW HITPOINT WARNING * * *
The liquid fire burns you!
* * * LOW HITPOINT WARNING * * *
It was a potion of resistance.
You feel protected. The liquid fire burns you!
* * * LOW HITPOINT WARNING * * *
The liquid fire burns you!
* * * LOW HITPOINT WARNING * * *
The liquid fire burns you!
You die...

##.#.#
...#.#
.....#
######
########
..# ......#
#.#####
......#
......# #..
... #.###.#
#.# #.# #.#
#.# #@###.#
#.###.#####
#.#†..#.#
#...>"....#
#.......#
#.###.###.#
#####.#.#
..###.# #.#
#####.#.#
#.....# #.#
........##
#..#..# #.#
##.......#
#....## #.#
#.##.##.#
#.#.### #.#
#.##.##.#


There were no monsters in sight!

Vanquished Creatures
  A bombardier beetle (D:4)
  A hound zombie (D:3)
  8 adders
  3 ribbon worms
  3 dart slugs
  An orc (D:4)
  6 bats
  8 endoplasms
  A giant cockroach (D:1)
  4 goblins
  4 hobgoblins
  3 jackals (D:1)
  6 kobolds
  7 quokkas
  9 ball pythons
  A ball python skeleton (D:3)
  A ball python zombie (D:3)
  A frilled lizard (D:2)
  9 rats
77 creatures vanquished.

Notes
Turn   | Place    | Note
-------+----------+-------------------------------------------
     0 | D:1      | GiantSquids the Coglin Hunter began the quest for the Orb.
     0 | D:1      | Reached XP level 1. HP: 16/16 MP: 1/1
    96 | D:1      | Reached skill level 4 in Ranged Weapons
    96 | D:1      | Reached XP level 2. HP: 22/22 MP: 2/2
   220 | D:1      | Reached XP level 3. HP: 27/27 MP: 3/3
   878 | D:2      | Reached skill level 5 in Ranged Weapons
   878 | D:2      | Reached XP level 4. HP: 33/33 MP: 4/4
  1340 | D:3      | Reached XP level 5. HP: 38/38 MP: 5/5
  1557 | D:3      | Reached skill level 6 in Ranged Weapons
  1883 | D:4      | Found a white marble altar of Elyvilon.
  2119 | D:4      | HP: 1/38 [burnt (2)]
  2120 | D:4      | Incinerated by a bombardier beetle

Illustrated notes

Levels and vault maps discovered:
D:1:      dpeg_arrival_tiny_a, layout_loops_ring, kennysheep_minor_cross
D:2:      layout_rooms
D:3:      layout_loops_ring, serial_undead, serial_undead_a, serial_undead_a,
          serial_undead_b, serial_undead_c, serial_undead_b, serial_undead_d
D:4:      layout_loops_corners, palyth_temple_overflow_mages,
          nicolae_overflow_hidden_temple, nicolae_elyvilon_temple_path

Skill      XL: |  1  2  3  4  5 |
---------------+----------------+-----
Ranged Weapons | 4 5 6 |  6.3
Fighting       | |  2.0
Dodging        | |  1.7
Stealth        | |  0.7

Action                     |  1- 3 |  4- 6 || total
---------------------------+-------+-------++-------
   Fire: Sling             |   120 |   206 ||   326
    Use: Potion            |       |     1 ||     1
 Armour: Leather armour    |       |    18 ||    18
  Dodge: Dodged            |     7 |    14 ||    21

Table legend: (Time is in decaauts)
 A = Elapsed time spent in this place.
 B = Non-inter-level travel time spent in this place.
 C = Inter-level travel time spent in this place.
 D = Time resting spent in this place.
 E = Time spent auto-exploring this place.
 F = Levels seen in this place.
 G = Mean time per level.
                   A        B        C        D        E       F      G
               +--------+--------+--------+--------+--------+-----+--------+
         Total |   2150 |   2113 |     37 |      0 |   1745 |   4 |  537.5 |
       Dungeon |   2150 |   2113 |     37 |      0 |   1745 |   4 |  537.5 |
               +--------+--------+--------+--------+--------+-----+--------+

Top non-repeatable levels by time:
     D:1: 756 daAuts
     D:3: 663 daAuts
     D:2: 443 daAuts
     D:4: 286 daAuts
